 Dungeon Crawl Stone Soup version 0.25.0-9-g26727b657a (webtiles) character file.

Game seed: 14726940920997874371

70 Flugkiller the Shield-Bearer (level 4, 37/42 HPs)
             Began as a Deep Dwarf Fighter on June 20, 2020.
             Quit the game on level 3 of the Dungeon.
             The game lasted 00:00:32 (481 turns).

Flugkiller the Shield-Bearer (Deep Dwarf Fighter)    Turns: 481, Time: 00:00:33

Health: 37/42      AC:  3    Str: 21    XL:     4   Next: 3%
Magic:  4/4        EV:  7    Int:  8    God:
Gold:   11         SH:  9    Dex: 12    Spells: 3/3 levels left

rFire    . . .     SeeInvis .   a - +0 war axe
rCold    . . .     Gourm    .   c - +0 kite shield
rNeg     . . .     Faith    .   b - +0 scale mail
rPois    .         Spirit   .   (no helmet)
rElec    .         Reflect  .   (no cloak)
rCorr    .         Harm     .   (no gloves)
MR       .....                  (no boots)
Stlth    ..........             (no amulet)
HPRegen  0.00/turn              p - -4 ring of protection (curse)
MPRegen  0.09/turn              (no ring)

@: non-regenerating
A: damage resistance, heal wounds, sense surroundings 1, no regeneration
a: Heal Wounds


You were on level 3 of the Dungeon.
You were not hungry.

You visited 1 branch of the dungeon, and saw 3 of its levels.

You collected 11 gold pieces.

Inventory:

Hand Weapons
 a - a +0 war axe (weapon)
Armour
 b - a +0 scale mail (worn)
 c - a +0 kite shield (worn)
Jewellery
 p - a cursed -4 ring of protection (left hand)
   (You found it on level 2 of the Dungeon)
Scrolls
 h - a scroll of remove curse {unknown}
Potions
 d - a potion of might
 g - a potion of haste {unknown}
Comestibles
 e - a ration
 f - 2 chunks of flesh


   Skills:
 + Level 3.1 Fighting
 * Level 3.4 Axes
 + Level 3.8 Armour
 + Level 3.8 Shields


You had 3 spell levels left.
You didn't know any spells.
Your spell library was empty.

Dungeon Overview and Level Annotations

Branches:
Dungeon (3/15)

Altars:

Annotations:
D:3 Ijyb


Innate Abilities, Weirdness & Mutations

You are resistant to damage.
You can heal yourself by infusing magical energy.
You passively map a small area around you.
You do not regenerate.


Message History

Something hits you.
You are too injured to fight recklessly!
You are too injured to fight recklessly!
You are too injured to fight recklessly!
You are too injured to fight recklessly!
You are too injured to fight recklessly!
You are too injured to fight recklessly!
You are too injured to fight recklessly!
You are too injured to fight recklessly!
You are too injured to fight recklessly!
Unknown command.
You miss something. Something hits you. Something hits you but does no damage.
You feel much better.
You hear some strange, mumbled words.
A magic dart appears from out of thin air!
The magic dart hits you! You block something's attack.
Press: ? - help, v - describe, . - travel
Here: Ijyb, wearing a +0 leather armour and carrying a wand of iceblast (14)
The floor.
Are you sure you want to abandon this character and quit the game? (Confirm with "yes".)

###.# #.# * #.#### #.#
#....# #.# ,
###....####.#
.........##.###### ,
##...............#* *
...).....##.####.# ,, , >
..##....###.# #.# * *
..##....# #.# #@# *
..#####.###.# #{#
..(.......#.# #{# ,
.######.#.#.# #o# ,
#.#####.#.#.# #g# * **
##......#.#.# #.., , ,
#.#######.#.#############
* .## #.#....>........#
.########.#############.#


You could see Ijyb and an orc.

Vanquished Creatures
  Jessica (D:3)
  2 adders
  A worm (D:2)
  A leopard gecko (D:1)
  An orc (D:3)
  2 bats
  A goblin (D:2)
  3 hobgoblins (D:2)
  2 quokkas (D:3)
  3 kobolds
  6 rats
23 creatures vanquished.

Notes
Turn   | Place    | Note
-------+----------+-------------------------------------------
     0 | D:1      | Flugkiller the Deep Dwarf Fighter began the quest for the
                  | Orb.
     0 | D:1      | Reached XP level 1. HP: 20/20 MP: 1/1
    64 | D:2      | Reached XP level 2. HP: 27/27 MP: 2/2
   257 | D:3      | Reached XP level 3. HP: 30/33 MP: 3/3
   383 | D:3      | Noticed Jessica
   399 | D:3      | Killed Jessica
   399 | D:3      | Reached XP level 4. HP: 30/42 MP: 4/4
   471 | D:3      | Noticed Ijyb
   481 | D:3      | Quit the game

Illustrated notes

Levels and vault maps discovered:
D:1:      dpeg_arrival_water_altar, layout_rooms, minmay_crystal_water,
          nemelex_altar_shiori
D:2:      layout_basic, first_ration
D:3:      layout_loops_ring, uniq_jessica, uniq_ijyb

Skill      XL: |  1  2  3 |
---------------+----------+-----
Axes           | 3 |  3.4
Fighting       | 3 |  3.1
Armour         | |  3.8
Shields        | |  3.8

Action                   |  1- 3 |  4- 6 || total
-------------------------+-------+-------++-------
Melee: War axe           |    78 |    12 ||    90
 Abil: Heal Wounds       |     1 |     1 ||     2
Armor: Scale mail        |    32 |     1 ||    33
Dodge: Dodged            |    28 |     2 ||    30
Block: Kite shield       |    46 |     3 ||    49
